 Dungeon Crawl Stone Soup version 0.18-a0-846-g91b95b1 (webtiles) character file.

348 Duffy the Insei (level 6, -4/37 HPs)
             Began as a Gargoyle Monk on Dec 20, 2015.
             Was a Priest of Cheibriados.
             Slain by an ogre
             ... wielding a +0 giant spiked club
              (9 damage)
             ... on level 5 of the Dungeon.
             The game lasted 00:04:22 (3324 turns).

Duffy the Insei (Gargoyle Monk)                     Turns: 3324, Time: 00:04:23

Health: -4/37      AC: 14    Str: 22    XL:     6   Next: 60%
Magic:  6/6        EV: 12    Int: 19    God:    Cheibriados [***...]
Gold:   196        SH:  0    Dex: 22    Spells: 0 memorised, 5 levels left

rFire  . . .     SeeInvis .       - Unarmed
rCold  . . .     Gourm    .     t - +0 ring mail
rNeg   + . .     Faith    .     (no shield)
rPois  ∞         Spirit   .     e - +2 helmet
rElec  +         Dismiss  .     g - +0 cloak
rCorr  .         Reflect  .     k - +0 pair of gloves
SustAt .         Harm     .     (no boots)
MR     .....                    (no amulet)
Stlth  ++........               (no ring)
                                (no ring)

@: very slow, not resistant to hostile enchantments, unstealthy
A: negative energy resistance 1, electricity resistance, unbreathing,
petrification resistance, rot immunity, AC +4
a: Bend Time, Temporal Distortion, Renounce Religion


You were on level 5 of the Dungeon.
You worshipped Cheibriados.
Cheibriados was most pleased with you.
You were not hungry.

You visited 1 branch of the dungeon, and saw 5 of its levels.

You collected 196 gold pieces.


Innate Abilities, Weirdness & Mutations

You are resistant to torment.
Your stone body is resilient (AC +4).
You are immune to poison.
You resist negative energy.
You are resistant to electric shocks.
You can survive without breathing.
You are immune to petrification.
You are immune to rotting.


   Skills:
 - Level 3.2 Fighting
 - Level 2.4 Dodging
 - Level 2.2 Stealth
 + Level 7.7 Unarmed Combat


You had 5 spell levels left.
You didn't know any spells.

Inventory:

Missiles
 a - 19 poisoned needles
Armour
 e - a +2 helmet (worn)
 g - a +0 cloak (worn)
 k - a +0 pair of gloves (worn)
 t - a +0 ring mail (worn)
Wands
 p - a wand of magic darts (23/48)
Scrolls
 j - 2 scrolls of fear {unknown}
 m - 2 scrolls of remove curse {unknown}
 n - a scroll of fog {unknown}
 r - 2 scrolls of random uselessness {unknown}
 v - 2 scrolls of teleportation {unknown}
Potions
 c - 3 potions of curing
 d - 2 potions of magic
 h - a potion of might
 i - a potion of resistance {unknown}
 o - a potion of invisibility {unknown}
 q - a potion of heal wounds {unknown}
 s - a potion of brilliance {unknown}
Comestibles
 b - 2 bread rations
 f - 5 meat rations
 l - 4 beef jerkies
 u - 3 fruits

Dungeon Overview and Level Annotations

Branches:
Dungeon (5/15)             Temple (0/1) D:4

Altars:
Cheibriados
Fedhas
Gozag
Kikubaaqudgha
Nemelex Xobeh
Okawaru
Pakellas
Vehumet
The Shining One


Message History

Okay, then.
All of the chunks of flesh in your inventory have rotted away.
There is a stone staircase leading up here.
Found an escape hatch in the ceiling.
An ogre comes into view. It is wielding a giant spiked club.
The ogre shouts!
You barely miss the ogre. The ogre misses you.
You punch the ogre! You punch the ogre, but do no damage.
The ogre is moderately wounded.
You punch the ogre!
The ogre is severely wounded.
The ogre hits you with a giant spiked club!
Your ring mail prevents you from hitting the ogre.
The ogre is severely wounded.
The ogre hits you with a giant spiked club!
You are too injured to fight recklessly!
You are too injured to fight recklessly!
You are too injured to fight recklessly!
You are too injured to fight recklessly!
You are too injured to fight recklessly!
You are too injured to fight recklessly!
You are too injured to fight recklessly!
You are too injured to fight recklessly!
You are too injured to fight recklessly!
You are too injured to fight recklessly!
You are too injured to fight recklessly!
You are too injured to fight recklessly!
You are too injured to fight recklessly!
You are too injured to fight recklessly!
You hit the ogre.
The ogre is severely wounded.
You hit the ogre.
The ogre is almost dead.
The ogre hits you with a giant spiked club!
You die...

....... ...
...........###.<#
................
...............#
..............#
#............#
#............#
##.....>...#.### ##
#....O@...##.<.# ...
#.#...##..####.####....
##......# #.........
#..##...#####.:......
.?.............###....
#.######..##..### ...
#. ##.###..# # #. #..#
#..# #.##.#####.## #...


You could see an ogre.

Action                   |  1- 3 |  4- 6 || total
-------------------------+-------+-------++-------
Melee: Unarmed           |   122 |   178 ||   300
  Use: Scroll            |       |     4 ||     4
 Stab: Sleeping          |    11 |     4 ||    15
  Eat: Chunk             |     1 |     3 ||     4

Notes
Turn   | Place    | Note
--------------------------------------------------------------
     0 | D:1      | Duffy the Gargoyle Monk began the quest for the Orb.
     0 | D:1      | Reached XP level 1. HP: 14/14 MP: 1/1
   107 | D:1      | Reached XP level 2. HP: 19/19 MP: 2/2
   623 | D:1      | Reached XP level 3. HP: 20/23 MP: 3/3
   734 | D:2      | Reached skill level 5 in Unarmed Combat
  1002 | D:2      | Found a glowing golden altar of the Shining One.
  1002 | D:2      | Found an oddly glowing altar of Pakellas.
  1003 | D:2      | Found an iron altar of Okawaru.
  1149 | D:2      | Found a snail-covered altar of Cheibriados.
  1153 | D:2      | Became a worshipper of Cheibriados the Contemplative
  1153 | D:2      | Reached * piety under Cheibriados
  1153 | D:2      | Reached ** piety under Cheibriados
  1572 | D:2      | Reached XP level 4. HP: 28/28 MP: 4/4
  1719 | D:3      | Noticed Alethiolet's ghost (weakling DsWn)
  1729 | D:3      | Killed Alethiolet's ghost
  1729 | D:3      | Reached skill level 6 in Unarmed Combat
  1852 | D:3      | Reached XP level 5. HP: 32/32 MP: 5/5
  2138 | D:3      | Found an opulent altar of Gozag.
  2164 | D:3      | Found a blossoming altar of Fedhas.
  2226 | D:3      | Reached *** piety under Cheibriados
  2270 | D:3      | Found an ancient bone altar of Kikubaaqudgha.
  2591 | D:4      | Found a staircase to the Ecumenical Temple.
  2598 | D:4      | Found a sparkling altar of Nemelex Xobeh.
  2627 | D:4      | Found a radiant altar of Vehumet.
  2945 | D:4      | Noticed an ogre
  2955 | D:4      | Killed an ogre
  2955 | D:4      | Reached skill level 7 in Unarmed Combat
  2955 | D:4      | Reached XP level 6. HP: 25/37 MP: 6/6
  3251 | D:5      | Entered Level 5 of the Dungeon
  3324 | D:5      | Slain by an ogre

Vault maps used:
D:1:      wheals_arrival_shading, minmay_misc_feat_more_columns,
          minmay_rat_gold_closets
D:2:      nicolae_overflow_quartered_altars
D:3:      lemuel_crystal_altar, nicolae_overflow_crystal_walls,
          lemuel_crystal_altar
D:4:      lemuel_crystal_altar, vehumet_altar_wand_db
D:5:      first_bread

Vanquished Creatures
  An ogre
  The ghost of Alethiolet the Stinger, a weakling DsWn
  A giant frog skeleton
  2 worker ants
  6 adders
  A shadow imp
  An ooze
  A worm
  11 orcs
  A ball python
  8 bats
  4 giant cockroaches
  6 hobgoblins
  5 jackals
  12 kobolds
  5 giant newts
  4 goblins
  13 rats
83 creatures vanquished.
